 Dungeon Crawl Stone Soup version 0.29.0-4-gdea44cf6ec (webtiles) character file.

Game seed: 15575768279272838895

394 qw the Chopper (level 6, 0/38 HPs)
             Began as a Gargoyle Fighter on Sept 6, 2022.
             Slain by a lemure (5 damage)
             ... led by Pikel
             ... on level 4 of the Dungeon.
             The game lasted 00:01:38 (3624 turns).

qw the Chopper (Gargoyle Fighter)                   Turns: 3624, Time: 00:01:38

Health: 0/38       AC: 14    Str: 18 (21) XL:     6   Next: 82%
Magic:  6/6        EV:  9    Int:  6 (9)  God:
Gold:   275        SH:  4    Dex:  8 (9)  Spells: 5/5 levels left

rFire   . . .      SeeInvis .   Y - +0 war axe
rCold   . . .      Faith    .   c - +0 buckler
rNeg    + . .      Spirit   .   b - +0 scale mail
rPois   inf        Reflect  .   f - +0 helmet
rElec   +          Harm     .   (no cloak)
rCorr   .          Rampage  .   (no gloves)
Will    .....                   j - +1 pair of boots
Stlth   ..........              (no amulet)
HPRegen 0.12/turn               (no ring)
MPRegen 0.10/turn               (no ring)

@: no status effects
A: sickness immunity, AC +4, negative energy resistance 1, electricity
resistance, torment resistance 1, petrification resistance
a: no special abilities


You were on level 4 of the Dungeon.
You visited 1 branch of the dungeon, and saw 4 of its levels.

You collected 275 gold pieces.


Innate Abilities, Weirdness & Mutations

You are immune to sickness and miasma.
Your stone body is resilient. (AC +4)
You are immune to poison.
You resist negative energy. (rN+)
You are resistant to electric shocks. (rElec)
You are resistant to unholy torment.
You are immune to petrification.


   Skills:
 - Level 4.0 Fighting
 - Level 6.0 Axes
 - Level 1.0 Throwing
 - Level 3.2 Armour
 + Level 0.2 Dodging
 - Level 3.2 Shields


You had 5 spell levels left.
You didn't know any spells.
Your spell library was empty.

Inventory:

Hand Weapons
 n - a +5 mace of holy wrath
 Y - a +0 war axe (weapon)
Armour
 b - a +0 scale mail (worn)
 c - a +0 buckler (worn)
 f - a +0 helmet (worn)
 j - a +1 pair of boots (worn)
Scrolls
 k - a scroll of blinking
 m - 2 scrolls of identify
Potions
 a - a potion of lignification
 d - a potion of might
 e - a potion of berserk rage {unknown}
 g - a potion of invisibility {unknown}
 h - 2 potions of haste {unknown}
 i - a potion of flight {unknown}
 l - a potion of curing {unknown}

Dungeon Overview and Level Annotations

Branches:
Dungeon (4/15)
 Temple: D:4-7

Altars:

Annotations:
D:4 Pikel


Message History

Pikel hits you with a +0 whip of freezing!
Pikel freezes you. The lemure completely misses you.
You closely miss Pikel.
Pikel is moderately wounded.
You hit the lemure. You block the lemure's attack.
Pikel says, "It's all about the gold, really."
Pikel hits you but does no damage.
You hit Pikel but do no damage.
Pikel is moderately wounded.
You closely miss the lemure. You block Pikel's attack.
The lemure hits you but does no damage. Pikel barely misses you.
The lemure barely misses you.
You slash Pikel!
Pikel is heavily wounded.
You hit the lemure.
Pikel says, "You'll make a fine lemure."
Pikel hits you with a +0 whip of freezing.
Pikel freezes you. The lemure hits you.
You miss Pikel.
Pikel is heavily wounded.
You hit the lemure but do no damage. You block Pikel's attack.
The lemure hits you but does no damage.
You slash Pikel!
Pikel is almost dead.
You completely miss the lemure. The lemure hits you but does no damage.
Pikel hits you with a +0 whip of freezing.
Pikel freezes you.
You closely miss Pikel.
Pikel is almost dead.
You closely miss the lemure. You block the lemure's attack.
Pikel closely misses you.
Pikel hits you with a +0 whip of freezing.
Pikel freezes you. The lemure hits you but does no damage.
You closely miss Pikel.
Pikel is almost dead.
You barely miss the lemure. The lemure hits you.
You die...

#....# #... ##:
.###..# #...
#.......... ...
#....####.. #..
#....###... ##..
##....#..... .S5##
........#.## #5K#
.##....#.#... #@#
.##..........
#.###.......%.....
#..#(.##(.........
##....######.###.#
#.............(..
#........##.#####
##.#####.....#
##..##....###.###
##..##..####
#...###


You could see Pikel, 2 lemures and an adder.

Vanquished Creatures
  Sigmund (D:2)
  Menkaure (D:4)
  Robin (D:3)
  2 adders (D:4)
  4 dart slugs
  4 ball pythons
  5 bats
  6 endoplasms
  3 giant cockroaches
  13 goblins
  7 hobgoblins
  2 jackals (D:1)
  2 quokkas (D:1)
  5 frilled lizards
  5 kobolds
  4 rats
65 creatures vanquished.

Notes
Turn   | Place    | Note
-------+----------+-------------------------------------------
     0 | D:1      | qw the Gargoyle Fighter began the quest for the Orb.
     0 | D:1      | Reached XP level 1. HP: 14/14 MP: 1/1
     0 | D:1      | 0 ||| qw: Version: 0.1-a-107-g9ff403c
     0 | D:1      | 0 ||| qw: Game counter: 6060
     0 | D:1      | 0 ||| qw: Always use a shield: true
     0 | D:1      | 0 ||| qw: God list: Okawaru
     0 | D:1      | 0 ||| qw: Allow faded altars: false
     0 | D:1      | 0 ||| qw: Do Orc after D:15 true
     0 | D:1      | 0 ||| qw: Do second Lair branch before Depths: true
     0 | D:1      | 0 ||| qw: Lair rune preference: random
     0 | D:1      | 0 ||| qw: Plans: Normal, Zot, God:TSO, Crypt, Tomb, Zig,
                  | Orb
     0 | D:1      | 0 ||| PLANNING D:1-11
    65 | D:1      | Reached skill level 2 in Axes
   272 | D:1      | Reached XP level 2. HP: 19/19 MP: 2/2
   317 | D:1      | 317 ||| UPGRADING to +0 helmet.
   322 | D:1      | 322 ||| READING scroll labelled XEMMAB HISIE.
   323 | D:1      | 323 ||| Stepping randomly (stuck).
   325 | D:1      | 325 ||| Stepping randomly (stuck).
   327 | D:1      | 327 ||| Stepping randomly (stuck).
   329 | D:1      | 329 ||| Stepping randomly (stuck).
   331 | D:1      | 331 ||| Stepping randomly (stuck).
   333 | D:1      | 333 ||| Stepping randomly (stuck).
   335 | D:1      | 335 ||| Stepping randomly (stuck).
   336 | D:1      | 336 ||| Stepping randomly (stuck).
   337 | D:1      | 337 ||| Stepping randomly (stuck).
   339 | D:1      | 339 ||| Stepping randomly (stuck).
   341 | D:1      | 341 ||| Stepping randomly (stuck).
   342 | D:1      | 342 ||| Stepping randomly (stuck).
   343 | D:1      | 343 ||| Stepping randomly (stuck).
   344 | D:1      | 344 ||| Stepping randomly (stuck).
   345 | D:1      | 345 ||| Stepping randomly (stuck).
   347 | D:1      | 347 ||| Stepping randomly (stuck).
   349 | D:1      | 349 ||| Stepping randomly (stuck).
   350 | D:1      | 350 ||| Stepping randomly (stuck).
   632 | D:1      | Reached skill level 3 in Axes
   656 | D:1      | 656 ||| Stepping ~*~*~tactically~*~*~ (stealth).
   657 | D:1      | 657 ||| Stepping ~*~*~tactically~*~*~ (stealth).
   658 | D:1      | 658 ||| Stepping ~*~*~tactically~*~*~ (stealth).
   659 | D:1      | 659 ||| Stepping ~*~*~tactically~*~*~ (stealth).
   799 | D:1      | Reached XP level 3. HP: 19/23 MP: 3/3
  1109 | D:1      | 1109 ||| READING scroll labelled QOIR XIASK.
  1110 | D:1      | 1110 ||| READING scroll labelled YGICSEKEAH.
  1111 | D:1      | 1111 ||| READING scroll labelled ICZEMUATWA.
  1149 | D:1      | 1149 ||| Stepping randomly (stuck).
  1151 | D:1      | 1151 ||| Stepping randomly (stuck).
  1152 | D:1      | 1152 ||| Stepping randomly (stuck).
  1153 | D:1      | 1153 ||| Stepping randomly (stuck).
  1155 | D:1      | 1155 ||| Stepping randomly (stuck).
  1157 | D:1      | 1157 ||| Stepping randomly (stuck).
  1158 | D:1      | 1158 ||| Stepping randomly (stuck).
  1159 | D:1      | 1159 ||| Stepping randomly (stuck).
  1160 | D:1      | 1160 ||| Stepping randomly (stuck).
  1161 | D:1      | 1161 ||| Stepping randomly (stuck).
  1162 | D:1      | 1162 ||| Stepping randomly (stuck).
  1163 | D:1      | 1163 ||| Stepping randomly (stuck).
  1164 | D:1      | 1164 ||| Stepping randomly (stuck).
  1165 | D:1      | 1165 ||| Stepping randomly (stuck).
  1166 | D:1      | 1166 ||| Stepping randomly (stuck).
  1167 | D:1      | 1167 ||| Stepping randomly (stuck).
  1168 | D:1      | 1168 ||| Stepping randomly (stuck).
  1227 | D:1      | Reached skill level 1 in Throwing
  1249 | D:1      | 1249 ||| Stepping randomly (stuck).
  1251 | D:1      | 1251 ||| Stepping randomly (stuck).
  1252 | D:1      | 1252 ||| Stepping randomly (stuck).
  1253 | D:1      | 1253 ||| Stepping randomly (stuck).
  1254 | D:1      | 1254 ||| Stepping randomly (stuck).
  1255 | D:1      | 1255 ||| Stepping randomly (stuck).
  1257 | D:1      | 1257 ||| Stepping randomly (stuck).
  1258 | D:1      | 1258 ||| Stepping randomly (stuck).
  1259 | D:1      | 1259 ||| Stepping randomly (stuck).
  1260 | D:1      | 1260 ||| Stepping randomly (stuck).
  1261 | D:1      | 1261 ||| Stepping randomly (stuck).
  1262 | D:1      | 1262 ||| Stepping randomly (stuck).
  1631 | D:2      | 1631 ||| Stepping ~*~*~tactically~*~*~ (stealth).
  1634 | D:2      | 1634 ||| Stepping ~*~*~tactically~*~*~ (stealth).
  1820 | D:2      | Noticed Sigmund
  1836 | D:2      | Killed Sigmund
  1837 | D:2      | Reached skill level 5 in Axes
  1837 | D:2      | Reached XP level 4. HP: 11/28 MP: 4/4
  1837 | D:2      | Reached XP level 5. HP: 12/32 MP: 5/5
  2075 | D:2      | 2075 ||| Stepping ~*~*~tactically~*~*~ (stealth).
  2380 | D:2      | 2380 ||| READING scroll labelled GOUCROLENG.
  2381 | D:2      | 2381 ||| DRINKING 2 lumpy yellow potions.
  2401 | D:2      | 2401 ||| DRINKING 2 golden potions.
  2402 | D:2      | 2402 ||| DROPPING potion of degeneration.
  2687 | D:3      | Reached XP level 6. HP: 37/37 MP: 6/6
  2689 | D:3      | 2689 ||| Stepping ~*~*~tactically~*~*~ (stealth).
  2690 | D:3      | 2690 ||| Stepping ~*~*~tactically~*~*~ (stealth).
  2703 | D:3      | Noticed Robin
  2704 | D:3      | 2704 ||| Stepping ~*~*~tactically~*~*~ (stealth).
  2709 | D:3      | 2709 ||| Stepping ~*~*~tactically~*~*~ (hiding).
  2721 | D:3      | Killed Robin
  2743 | D:3      | 2743 ||| DROPPING +0 club.
  2978 | D:3      | 2978 ||| Stepping ~*~*~tactically~*~*~ (stealth).
  2979 | D:3      | 2979 ||| Stepping ~*~*~tactically~*~*~ (stealth).
  3124 | D:3      | Found a faded altar of an unknown god.
  3205 | D:3      | 3205 ||| UPGRADING to +1 pair of boots.
  3256 | D:4      | 3256 ||| PLANNING SEWER
  3298 | D:4      | Noticed Menkaure
  3299 | D:4      | 3299 ||| Stepping ~*~*~tactically~*~*~ (hiding).
  3311 | D:4      | Killed Menkaure
  3327 | D:4      | 3327 ||| FLEEEEING.
  3460 | D:4      | Reached skill level 6 in Axes
  3609 | D:4      | Noticed Pikel
  3622 | D:4      | HP: 9/38 [Pikel/+0 whip of freezing (2)]
  3623 | D:4      | HP: 4/38 [Pikel/+0 whip of freezing (2)]
  3624 | D:4      | Slain by a lemure

Levels and vault maps discovered:
D:1:      psy_arrival_statuary, layout_rooms, serial_co_window_serial,
          co_window_paths_b, co_window_paths_a, co_window_of_opportunity_a,
          co_window_of_opportunity_a, co_window_paths_a, co_window_paths_a,
          co_window_corner_a, co_window_unsneaky_path_a,
          co_window_unsneaky_path_c, co_window_corner_b, co_window_4corner_b,
          co_window_paths_e, glass_columns_a, minmay_close_crescents
D:2:      minmay_angry_zag, layout_basic, uniq_sigmund
D:3:      layout_loops_ring, hellmonk_ecumenical_altar_leap_of_faith, uniq_robin
D:4:      layout_rooms, portal_sewer_entry_f, uniq_eustachio, uniq_pikel,
          uniq_menkaure

Skill      XL: |  1  2  3  4  5  6 |
---------------+-------------------+-----
Axes           | 2 3 5 6 |  6.0
Throwing       | 1 |  1.0
Fighting       | 4 |  4.0
Armour         | |  3.2
Dodging        | |  0.2
Shields        | |  3.2

Action                   |  1- 3 |  4- 6 || total
-------------------------+-------+-------++-------
Melee: War axe           |    84 |    94 ||   178
Throw: Javelin           |    23 |     4 ||    27
  Use: Scroll            |     4 |     1 ||     5
       Potion            |       |     2 ||     2
Armor: Scale mail        |    52 |    53 ||   105
Dodge: Dodged            |    37 |    47 ||    84
Block: Buckler           |    16 |    17 ||    33

Table legend:
 A = Non-vault XP
 B = Vault XP
 C = Vault XP percentage of total XP
 D = Non-vault monster count
 E = Vault monster count
 F = Vault count percentage of total count
                 A         B        C        D         E       F
            +---------+---------+-------+---------+---------+-------
      Total |     107 |     457 |  81.0 |      44 |      21 |  32.3
            +---------+---------+-------+---------+---------+-------
        D:1 |      34 |      10 |  22.7 |      19 |       5 |  20.8
        D:2 |      17 |     252 |  93.7 |      10 |       8 |  44.4
        D:3 |      17 |      26 |  60.5 |       8 |       7 |  46.7
        D:4 |      39 |     169 |  81.2 |       7 |       1 |  12.5
            +---------+---------+-------+---------+---------+-------
